 Dungeon Crawl Stone Soup version 0.25-a0-589-g1e14c549ee (webtiles) character file.

Game seed: 9599944149883204529, levelgen mode: deterministic

114 Kohma the Shield-Bearer (level 4, -2/31 HPs)
             Began as an Octopode Fighter on Mar 10, 2020.
             Killed by nerve-wracking pain
             ... invoked by Grinder
              (5 damage)
             ... on level 3 of the Dungeon.
             The game lasted 00:05:17 (2155 turns).

Kohma the Shield-Bearer (Octopode Fighter)          Turns: 2155, Time: 00:05:17

Health: -2/31      AC:  1    Str: 15    XL:     4   Next: 98%
Magic:  4/4        EV: 11    Int: 11    God:
Gold:   35         SH:  9    Dex: 11    Spells: 3/3 levels left

rFire    . . .     SeeInvis .     - Unarmed
rCold    . . .     Gourm    .   a - +0 kite shield
rNeg     . . .     Faith    .   (helmet restricted)
rPois    .         Spirit   .   (no amulet)
rElec    .         Reflect  .   (no ring)
rCorr    .         Harm     .   (no ring)
MR       .....                  (no ring)
Stlth    +++.......             (no ring)
HPRegen  0.10/turn              (no ring)
MPRegen  0.09/turn              (no ring)
                                (no ring)
                                (no ring)

@: no status effects
A: almost no armour, stealthy swim, amphibious, 8 rings, constrict 8, camouflage
1, gelatinous body 1
a: no special abilities


You were on level 3 of the Dungeon.
You were hungry.

You visited 1 branch of the dungeon, and saw 3 of its levels.

You collected 35 gold pieces.

Inventory:

Missiles
 d - 13 arrows
 i - 105 stones (quivered)
Armour
 a - a +0 kite shield (worn)
Jewellery
 e - an uncursed ring of fire
Scrolls
 j - 2 scrolls of enchant weapon {unknown}
 l - a scroll of fog {unknown}
 n - a scroll of remove curse {unknown}
 q - a scroll of fear {unknown}
 r - 3 scrolls of identify {unknown}
 s - a scroll of enchant armour {unknown}
Potions
 b - a potion of might
 g - a potion of cancellation {unknown}
 h - a potion of brilliance {unknown}
 k - a potion of curing {unknown}
 m - a potion of ambrosia {unknown}
 o - a potion of degeneration {unknown}
 p - a potion of magic {unknown}
Comestibles
 c - 3 rations
 f - 5 chunks of flesh


   Skills:
 - Level 3.2 Fighting
 - Level 3.0 Dodging
 + Level 2.3 Stealth
 + Level 3.9 Shields
 * Level 3.6 Unarmed Combat


You had 3 spell levels left.
You didn't know any spells.
Your spell library was empty.

Dungeon Overview and Level Annotations

Branches:
Dungeon (3/15)

Altars:
Dithmenos
The Shining One

Annotations:
D:3 Grinder


Innate Abilities, Weirdness & Mutations

You cannot wear most types of armour.
You are very stealthy in the water. (Stealth+)
You are amphibious.
You can wear up to eight rings at the same time.
You can use your tentacles to constrict eight enemies at once.
Your skin changes colour to match your surroundings (Stealth+).
Your rubbery body absorbs attacks. (AC +1, EV +1)


Message History

Grinder blinks!
Grinder blinks!
Grinder gestures at you. Pain shoots through your body!
Grinder blinks!
Grinder gestures at you. Pain shoots through your body!
* * * LOW HITPOINT WARNING * * *
You tentacle-slap Grinder. Your grab misses Grinder.
Grinder is heavily wounded.
You block Grinder's attack.
You tentacle-slap Grinder. You grab Grinder.
Grinder is severely wounded.
You constrict Grinder. You block Grinder's attack.
You tentacle-slap Grinder but do no damage.
Grinder is severely wounded.
You constrict Grinder. Grinder gestures at you. Pain shoots through your body!
You die...

### #.#
#.# #.#
#.# #5#
#@# #.#
#.# #.#
#.# #.#
#.#
#######.#
........#


You could see Grinder.

Vanquished Creatures
  Robin (D:2)
  3 adders (D:2)
  An ooze (D:2)
  A dart slug (D:1)
  A leopard gecko (D:2)
  A giant cockroach (D:2)
  15 goblins
  10 hobgoblins
  4 jackals
  5 quokkas
  A ball python (D:2)
  5 bats
  2 frilled lizards
  8 kobolds
  5 rats
63 creatures vanquished.

Notes
Turn   | Place    | Note
-------+----------+-------------------------------------------
     0 | D:1      | Kohma the Octopode Fighter began the quest for the Orb.
     0 | D:1      | Reached XP level 1. HP: 16/16 MP: 1/1
   336 | D:1      | Reached XP level 2. HP: 20/21 MP: 2/2
  1145 | D:2      | Found a glowing golden altar of the Shining One.
  1148 | D:2      | Noticed Robin
  1155 | D:2      | Reached XP level 3. HP: 20/26 MP: 3/3
  1169 | D:2      | HP: 1/26 [goblin/+0 dagger[Robin] (7)]
  1170 | D:2      | Killed Robin
  1173 | D:2      | Reached skill level 1 in Stealth
  1326 | D:2      | Reached XP level 4. HP: 28/31 MP: 4/4
  1537 | D:2      | Found a shadowy altar of Dithmenos.
  2134 | D:3      | Noticed Grinder
  2155 | D:3      | Killed from afar by Grinder

Levels and vault maps discovered:
D:1:      lemuel_arrival_behind_the_door_large, layout_basic
D:2:      layout_rooms, lemuel_crystal_altar, old_standard_altar, uniq_robin
D:3:      layout_basic, lemuel_round_altar, first_ration,
          gammafunk_ghost_necromancy, uniq_grinder

Skill      XL: |  1  2  3  4 |
---------------+-------------+-----
Stealth        | 1 2 |  2.3
Unarmed Combat | 3 |  3.6
Fighting       | |  3.2
Dodging        | |  3.0
Shields        | |  3.9

Action                   |  1- 3 |  4- 6 || total
-------------------------+-------+-------++-------
Melee: Unarmed           |    68 |    59 ||   127
       Constrict         |    23 |    14 ||    37
       Tentacles         |    15 |    12 ||    27
       Punch             |     3 |     1 ||     4
  Use: Potion            |     2 |       ||     2
 Stab: Sleeping          |     8 |     3 ||    11
  Eat: Chunk             |     1 |     2 ||     3
Armor: Skin              |     5 |     3 ||     8
Dodge: Dodged            |    24 |    18 ||    42
Block: Kite shield       |    19 |    16 ||    35

Table legend:
 A = Non-vault XP
 B = Vault XP
 C = Vault XP percentage of total XP
 D = Non-vault monster count
 E = Vault monster count
 F = Vault count percentage of total count
                 A         B        C        D         E       F
            +---------+---------+-------+---------+---------+-------
      Total |     127 |      37 |  22.6 |      51 |      12 |  19.0
            +---------+---------+-------+---------+---------+-------
        D:1 |      25 |       0 |   0.0 |      16 |       0 |   0.0
        D:2 |      96 |      37 |  27.8 |      32 |      12 |  27.3
        D:3 |       6 |       0 |   0.0 |       3 |       0 |   0.0
            +---------+---------+-------+---------+---------+-------
